 Dungeon Crawl Stone Soup version 0.29-a0-90-gc37658a0fe (webtiles) character file.

Game seed: 5370379627088926719

163 porpoise the Magician (level 5, 0/40 HPs)
             Began as a Djinni Conjurer on Feb 7, 2022.
             Slain by a two-headed ogre (30 damage)
             ... on level 4 of the Dungeon.
             The game lasted 00:12:39 (3592 turns).

porpoise the Magician (Djinni Conjurer)             Turns: 3592, Time: 00:12:39

Health: 0/40       AC:  4    Str:  8    XL:     5   Next: 72%
Gold:   93         EV: 12    Int: 19    God:
                   SH:  0    Dex: 18

rFire   + + .      SeeInvis .   a - +1 dagger (venom)
rCold   x . .      Faith    .   (no shield)
rNeg    . . .      Spirit   .   d - +0 robe
rPois   ∞          Reflect  .   h - +0 helmet
rElec   .          Harm     .   t - +0 cloak
rCorr   .          Rampage  .   (no gloves)
Will    .....                   (boots unavailable)
Stlth   ++........              (no amulet)
HPRegen 0.13/turn               c - +6 ring of dexterity
MPRegen 0.00/turn               (no ring)

@: flying
A: sickness immunity, fire resistance 2, cold vulnerability 1, float, innate
caster, HP casting, extra vitality 1
a: no special abilities


You were on level 4 of the Dungeon.
You visited 1 branch of the dungeon, and saw 4 of its levels.

You collected 93 gold pieces.

Inventory:

Hand Weapons
 a - a +1 dagger of venom (weapon)
Missiles
 e - 47 stones
 i - 27 sling bullets
 p - 50 arrows
 r - 47 bolts
Armour
 b - a scarf of shadows
 d - a +0 robe (worn)
 h - a +0 helmet (worn)
 m - a +0 buckler
 t - a +0 cloak (worn)
Magical Staves
 o - a staff of poison
Jewellery
 c - a +6 ring of dexterity (left hand)
Scrolls
 g - a scroll of magic mapping {unknown}
 j - a scroll of acquirement {unknown}
 k - a scroll of amnesia {unknown}
 l - a scroll of immolation {unknown}
 n - a scroll of teleportation {unknown}
 q - 2 scrolls of noise {unknown}
 u - a scroll of identify {unknown}
Potions
 f - a potion of heal wounds {unknown}
 s - 2 potions of brilliance {unknown}


   Skills:
 * Level 3.0 Fighting
 - Level 2.1 Dodging
 + Level 2.5 Stealth
 * Level 4.1 Spellcasting


You couldn't memorise any spells.
You knew the following spells:

 Your Spells              Type           Power      Damage    Failure   Level
a - Magic Dart            Conj           76%        1d6       2%          1
b - Searing Ray           Conj           38%        2d5       3%          2
c - Fulminant Prism       Conj/Hex       9%         3d7       26%         4
d - Iskenderun's Mystic   Conj/Tloc      19%        2d6       26%         4
r - Scorch                Fire           38%        2d6       3%          2
s - Sandblast             Erth           38%        2d10      2%          1
z - Dazzling Flash        Conj/Hex       38%        N/A       8%          3
Your spell library was empty.

Dungeon Overview and Level Annotations

Branches:
Dungeon (4/15)
 Temple: D:4-7

Altars:

Annotations:
D:2 exclusion: downstairs


Innate Abilities, Weirdness & Mutations

You are immune to sickness and miasma.
You are immune to poison.
Your flesh is very heat resistant. (rF++)
You are vulnerable to cold. (rC-)
You float through the air rather than walking.
You learn spells naturally, not from books.
Your magical power is your life essence.
You have superior vitality. (+4 MHP)


Message History

e - 51 stones The two-headed ogre closely misses you.
The two-headed ogre barely misses you.
Casting: Sandblast (safe; 2% risk of failure)
Confirm with . or Enter, or press ? or * to list all spells.
Aiming: Sandblast (safe; 2% risk of failure)
Press: ? - help, Shift-Dir - straight line, f/p - two-headed ogre
Aim: a two-headed ogre, wielding a +0 giant club and a +0 giant spiked club (lightly wounded, 90% to hit)
The blast of sand hits the two-headed ogre!
The two-headed ogre is heavily wounded.
e - 50 stones The two-headed ogre misses you. x2
An orc comes into view. It is wielding a +4 mace of draining.
Casting: Sandblast (safe; 2% risk of failure)
Confirm with . or Enter, or press ? or * to list all spells.
Aiming: Sandblast (safe; 2% risk of failure)
Press: ? - help, Shift-Dir - straight line, f/p - two-headed ogre
Aim: a two-headed ogre, wielding a +0 giant club and a +0 giant spiked club (heavily wounded, 90% to hit)
The blast of sand hits the two-headed ogre!
The two-headed ogre is severely wounded.
e - 49 stones The two-headed ogre closely misses you.
The two-headed ogre misses you.
Casting: Sandblast (safe; 2% risk of failure)
Confirm with . or Enter, or press ? or * to list all spells.
Aiming: Sandblast (safe; 2% risk of failure)
Press: ? - help, Shift-Dir - straight line, f/p - two-headed ogre
Aim: a two-headed ogre, wielding a +0 giant club and a +0 giant spiked club (severely wounded, 90% to hit)
The blast of sand hits the two-headed ogre.
The two-headed ogre is severely wounded.
e - 48 stones
Casting: Sandblast (safe; 2% risk of failure)
Confirm with . or Enter, or press ? or * to list all spells.
Aiming: Sandblast (safe; 2% risk of failure)
Press: ? - help, Shift-Dir - straight line, f/p - two-headed ogre
Aim: a two-headed ogre, wielding a +0 giant club and a +0 giant spiked club (severely wounded, 90% to hit)
The blast of sand hits the two-headed ogre!
The two-headed ogre is almost dead.
e - 47 stones The two-headed ogre hits you with a +0 giant club!!
Ouch! That really hurt!
You die...

#.........###..#
####...†.###...#
##....#..†....##
##.............##
###.#......#..<...#
#.........##..#....
###........##..###..
#.............# ..
#..@.......... ...
#...O.......... ..#
##............. .
#......##.....
##...........
..o........
..........
...........


You could see a two-headed ogre and an orc.

Vanquished Creatures
  A hound (D:4)
  A hound skeleton (D:4)
  4 adders
  An ufetubus (D:3)
  2 worms
  A dart slug (D:4)
  5 ball pythons
  8 endoplasms
  4 giant cockroaches
  6 goblins
  8 hobgoblins
  3 quokkas (D:1)
  8 bats
  4 frilled lizards
  7 kobolds
  5 rats
68 creatures vanquished.

Vanquished Creatures (others)
  A fulminant prism (D:4)
1 creature vanquished.

Grand Total: 69 creatures vanquished

Notes
Turn   | Place    | Note
-------+----------+-------------------------------------------
     0 | D:1      | porpoise the Djinni Conjurer began the quest for the Orb.
     0 | D:1      | Reached XP level 1. HP: 15/15 MP: 0/0
   311 | D:1      | Reached XP level 2. HP: 19/22 MP: 0/0
   572 | D:1      | Reached skill level 1 in Fighting
  1397 | D:2      | Reached XP level 3. HP: 24/27 MP: 0/0
  1397 | D:2      | Learned a level 1 spell: Sandblast
  1666 | D:2      | Reached XP level 4. HP: 29/33 MP: 0/0
  2286 | D:3      | Found a faded altar of an unknown god.
  2835 | D:3      | Reached XP level 5. HP: 36/39 MP: 0/0
  2835 | D:3      | Learned a level 2 spell: Scorch
  3433 | D:4      | Reached skill level 4 in Spellcasting
  3581 | D:4      | Noticed a two-headed ogre
  3592 | D:4      | Slain by a two-headed ogre

Illustrated notes

Levels and vault maps discovered:
D:1:      dpeg_arrival_another_circle, layout_basic
D:2:      layout_rooms, hangedman_abyss_or_decor_lesser_grid
D:3:      minmay_evil_eye, layout_loops_ring, nicolae_ecumenical_oubliette
D:4:      layout_cave_pools, columned_hall_lemuel

Skill      XL: |  1  2  3  4  5 |
---------------+----------------+-----
Fighting       | 1 2 3 |  3.0
Stealth        | 2 |  2.5
Spellcasting   | 4 |  4.1
Dodging        | |  2.1

Action                   |  1- 3 |  4- 6 || total
-------------------------+-------+-------++-------
 Cast: Magic Dart        |    44 |    48 ||    92
       Searing Ray       |     4 |    14 ||    18
       Sandblast         |       |     7 ||     7
       Fulminant Prism   |       |     1 ||     1
Armor: Robe              |     1 |     1 ||     2
Dodge: Dodged            |     2 |     7 ||     9

Table legend: (Time is in decaauts)
 A = Elapsed time spent in this place.
 B = Non-inter-level travel time spent in this place.
 C = Inter-level travel time spent in this place.
 D = Time resting spent in this place.
 E = Time spent auto-exploring this place.
 F = Levels seen in this place.
 G = Mean time per level.
                   A        B        C        D        E       F      G
               +--------+--------+--------+--------+--------+-----+--------+
         Total |   3591 |   3515 |     76 |   1544 |   1494 |   4 |  897.8 |
       Dungeon |   3591 |   3515 |     76 |   1544 |   1494 |   4 |  897.8 |
               +--------+--------+--------+--------+--------+-----+--------+

Top non-repeatable levels by time:
     D:1: 1385 daAuts
     D:3: 1041 daAuts
     D:2: 924 daAuts
     D:4: 240 daAuts
